 Dungeon Crawl Stone Soup version 0.27-a0-1548-gf8a67e7463 (webtiles) character file.

Game seed: 9995530813296908394

187 Hansen the Covered (level 5, -1/50 HPs)
             Began as a Deep Dwarf Fighter on July 14, 2021.
             Slain by a gnoll (5 damage)
             ... on level 3 of the Dungeon.
             The game lasted 00:18:40 (2221 turns).

Hansen the Covered (Deep Dwarf Fighter)             Turns: 2221, Time: 00:18:41

Health: -1/50      AC:  7    Str: 20    XL:     5   Next: 39%
Magic:  5/5        EV:  7    Int:  9    God:
Gold:   162        SH:  9    Dex: 12    Spells: 4/4 levels left

rFire    . . .     SeeInvis .   a - +0 war axe
rCold    . . .     Faith    .   c - +0 kite shield
rNeg     + . .     Spirit   .   b - +0 scale mail
rPois    .         Reflect  .   (no helmet)
rElec    .         Harm     .   (no cloak)
rCorr    +         Rampage  .   (no gloves)
Will     .....                  (no boots)
Stlth    ..........             (no amulet)
HPRegen  0.00/turn              k - ring of positive energy
MPRegen  0.09/turn              l - ring of resist corrosion

@: no status effects
A: damage resistance, heal wounds, sense surroundings 1, no regeneration
a: Heal Wounds


You were on level 3 of the Dungeon.
You visited 1 branch of the dungeon, and saw 3 of its levels.

You collected 162 gold pieces.

Inventory:

Hand Weapons
 a - a +0 war axe (weapon)
 r - a +0 club
 s - a +2 dagger of venom
Missiles
 o - 122 stones (quivered)
 q - 3 boomerangs
Armour
 b - a +0 scale mail (worn)
 c - a +0 kite shield (worn)
 p - a +0 leather armour
Jewellery
 k - a ring of positive energy (left hand)
 l - a ring of resist corrosion (right hand)
Scrolls
 e - 3 scrolls of magic mapping {unknown}
 g - a scroll of identify {unknown}
 h - a scroll of vulnerability {unknown}
 m - a scroll of amnesia {unknown}
 t - a scroll of summoning {unknown}
Potions
 d - a potion of might
 f - a potion of haste {unknown}
 i - a potion of attraction {unknown}
 j - a potion of cancellation {unknown}
 n - 2 potions of invisibility {unknown}


   Skills:
 + Level 3.6 Fighting
 + Level 3.6 Axes
 + Level 4.3 Armour
 + Level 4.3 Shields


You had 4 spell levels left.
You didn't know any spells.
Your spell library contained the following spells:

 Spells                   Type           Power      Damage    Failure   Level
 Magic Dart               Conj           0%         1d3       99%         1
 Searing Ray              Conj           0%         3d3       100%        2
 Fulminant Prism          Conj/Hex       0%         3d6       100%        4


Dungeon Overview and Level Annotations

Branches:
Dungeon (3/15)

Altars:
Vehumet


Innate Abilities, Weirdness & Mutations

You are resistant to damage.
You can heal yourself by infusing magical energy.
You passively map a small area around you.
You do not regenerate.


Message History

a +0 spear; a gnoll corpse You hit the gnoll.
The gnoll is moderately wounded.
The gnoll closely misses you.
You slash the gnoll!
You kill the gnoll!
No target in view!
Things that are here:
a +0 halberd; a gnoll corpse A gnoll comes into view.
It is wielding a +2 flail of protection.
The gnoll shouts!
A gnoll is nearby!
You closely miss the gnoll. You block the gnoll's attack.
The gnoll hits you with a +2 flail of protection.
You are too injured to fight recklessly!
You are too injured to fight recklessly!
You slash the gnoll!
The gnoll is almost dead.
You block the gnoll's attack.
The gnoll hits you with a +2 flail of protection!
You hit the gnoll but do no damage.
The gnoll is severely wounded.
You block the gnoll's attack.
You closely miss the gnoll.
The gnoll is severely wounded.
The gnoll hits you with a +2 flail of protection!
* * * LOW HITPOINT WARNING * * *
The gnoll hits you with a +2 flail of protection.
You hit the gnoll.
The gnoll is almost dead.
The gnoll hits you but does no damage.
You closely miss the gnoll.
The gnoll is almost dead.
The gnoll barely misses you.
The gnoll hits you with a +2 flail of protection!
* * * LOW HITPOINT WARNING * * *
You closely miss the gnoll.
The gnoll is almost dead.
The gnoll hits you with a +2 flail of protection!
You die...

####### #####################
#.....# #...@................
##.....# ##)#g##...............
.#.....# ##.)#..###.............
.......# #.#.#.#.####...........
.......# ##.#.#.#.## #.....#...##
.......# #.##.#.##.# #.....#...#
.(.....###.##.#.##g####...##...#
............+.+.+.....#...##...#*
.###....##.##.#.##.##.....##...#


You could see a gnoll.

Vanquished Creatures
  An orc priest (D:3)
  An orc wizard (D:3)
  2 gnolls (D:3)
  3 adders (D:2)
  2 worms (D:2)
  A dart slug (D:2)
  5 orcs
  5 ball pythons
  10 bats
  4 endoplasms
  2 giant cockroaches
  5 goblins
  10 hobgoblins
  6 jackals
  3 kobolds
  4 quokkas
  A frilled lizard (D:2)
  8 rats
73 creatures vanquished.

Notes
Turn   | Place    | Note
-------+----------+-------------------------------------------
     0 | D:1      | Hansen the Deep Dwarf Fighter began the quest for the Orb.
     0 | D:1      | Reached XP level 1. HP: 20/20 MP: 1/1
    76 | D:1      | Reached XP level 2. HP: 27/27 MP: 2/2
   592 | D:1      | Reached XP level 3. HP: 31/34 MP: 3/3
  1290 | D:2      | Reached XP level 4. HP: 33/42 MP: 4/4
  1640 | D:2      | Found a radiant altar of Vehumet.
  2009 | D:3      | Reached XP level 5. HP: 29/49 MP: 5/5
  2221 | D:3      | Slain by a gnoll

Illustrated notes

Levels and vault maps discovered:
D:1:      eino_arrival_tree_alley, layout_basic, minivault_24,
          minmay_tromino_mix6
D:2:      minmay_diamond_boxcup, layout_basic, serial_glass, glass_columns_c,
          glass_columns_a, basic_altar, guppyfry_early_orc_mine
D:3:      layout_basic, shapermc_ecumenical_altar_petra, interstate_on_off

Skill      XL: |  1  2  3  4 |
---------------+-------------+-----
Fighting       | 3 |  3.6
Axes           | 3 |  3.6
Shields        | 4 |  4.3
Armour         | 4 |  4.3

Action                   |  1- 3 |  4- 6 || total
-------------------------+-------+-------++-------
Melee: War axe           |   139 |    92 ||   231
Throw: Stone             |       |     1 ||     1
 Abil: Heal Wounds       |     1 |     1 ||     2
Armor: Scale mail        |    80 |    48 ||   128
Dodge: Dodged            |    47 |    23 ||    70
Block: Kite shield       |   105 |    51 ||   156

Table legend: (Time is in decaauts)
 A = Elapsed time spent in this place.
 B = Non-inter-level travel time spent in this place.
 C = Inter-level travel time spent in this place.
 D = Time resting spent in this place.
 E = Time spent auto-exploring this place.
 F = Levels seen in this place.
 G = Mean time per level.
                   A        B        C        D        E       F      G
               +--------+--------+--------+--------+--------+-----+--------+
         Total |   2354 |   2224 |    130 |      0 |   1460 |   3 |  784.7 |
       Dungeon |   2354 |   2224 |    130 |      0 |   1460 |   3 |  784.7 |
               +--------+--------+--------+--------+--------+-----+--------+

Top non-repeatable levels by time:
     D:1: 1260 daAuts
     D:2: 692 daAuts
     D:3: 401 daAuts
